 Dungeon Crawl Stone Soup version 0.31.0-32-g396128a36d (webtiles) character file.

Game seed: 5258662915113965892

221 PaiMei the Grave Robber (level 5, -1/38 HPs)
             Began as a Demonspawn Necromancer on Apr 24, 2024.
             Slain by a black bear (4 damage)
             ... on level 4 of the Dungeon.
             The game lasted 00:05:32 (4781 turns).

PaiMei the Grave Robber (Demonspawn Necromancer)    Turns: 4781, Time: 00:05:33

Health: -1/38      AC:  7    Str:  8    XL:     5   Next: 65%
Magic:  9/9        EV: 13    Int: 17    God:
Gold:   147        SH:  0    Dex: 14    Spells: 6/10 levels left

rFire   . . .        r - +0 flail
rCold   . . .        (no shield)
rNeg    . . .        a - +0 robe
rPois   .            (no helmet)
rElec   .            (no cloak)
rCorr   .            j - +0 pair of gloves
SInv    .            o - +0 pair of boots
Will    .....        g - amulet of regeneration
Stlth   ++           (no ring)
HPRegen 1.06/turn    (no ring)
MPRegen 0.11/turn

%: no passive effects
@: no status effects
A: hooves 1, yellow scales 2, powered by pain 1
a: no special abilities


You were on level 4 of the Dungeon.
You visited 1 branch of the dungeon, and saw 4 of its levels.

You collected 147 gold pieces.

Inventory:

Hand Weapons
 r - a +0 flail (weapon)
Armour
 a - a +0 robe (worn)
 e - a +2 kite shield of poison resistance
 j - a +0 pair of gloves (worn)
 o - a +0 pair of boots (worn)
Jewellery
 c - an amulet of faith
 g - an amulet of regeneration (around neck)
Wands
 p - a wand of flame (12)
Scrolls
 d - a scroll of teleportation {unknown}
 f - 4 scrolls of identify {unknown}
 m - a scroll of vulnerability {unknown}
 q - a scroll of brand weapon {unknown}
 s - a scroll of fog {unknown}
Potions
 b - 2 potions of magic
 h - a potion of attraction {unknown}
 i - a potion of might {unknown}
 k - a potion of curing {unknown}
 l - a potion of cancellation {unknown}
 n - a potion of heal wounds {unknown}


   Skills:
 + Level 1.9 Fighting
 + Level 3.1 Dodging
 - Level 2.3 Stealth
 + Level 3.2 Spellcasting
 + Level 5.3 Necromancy


You had 6 spell levels left.
You knew the following spells:

 Your Spells              Type           Power      Damage    Failure   Level
a - Necrotise             Necr           84%        1d8       1%          1
b - Vampiric Draining     Necr           21%        2d7       5%          3

Your spell library contained the following spells:

 Spells                   Type           Power      Damage    Failure   Level
 Animate Dead             Necr           21%        N/A       19%         4
 Call Canine Familiar     Summ           2%         N/A       45%         3
 Sigil of Binding         Hex            2%         N/A       45%         3
 Curse of Agony           Necr           21%        N/A       45%         5
 Dimensional Bullseye     Hex/Tloc       1%         N/A       86%         4


Dungeon Overview and Level Annotations

Branches:
Dungeon (4/15)
 Temple: D:4-7

Altars:
Fedhas
Gozag
Nemelex Xobeh
Ru
Sif Muna
Trog

Annotations:
D:3 Grinder


Innate Abilities, Weirdness & Mutations

You have large cloven feet.
You are mostly covered in yellow scales. (AC +3)
You sometimes gain a little power by taking damage.


Message History

A magic dart appears from out of thin air!
The magic dart hits something.
Something hits you but does no damage.
You bump into the rock wall.
Something hits you.
* * * LOW HITPOINT WARNING * * *
The orc priest casts a cantrip, but nothing happens.
You're too confused to move!
You hear some strange, mumbled words.
A puff of flame appears from out of thin air!
The puff of flame hits something!
Reactivating autopickup.
You feel a bit more experienced.
You're too confused to move!
The black bear closely misses you.
The black bear claws you but does no damage.
The black bear claws you.
* * * LOW HITPOINT WARNING * * *
You bump into the rock wall.
The black bear bites you.
* * * LOW HITPOINT WARNING * * *
The black bear completely misses you.
The black bear claws you but does no damage.
You barely miss the black bear.
You feel less confused.
The orc priest begins to cast a cantrip, but forgets the words!
The black bear bites you.
* * * LOW HITPOINT WARNING * * *
The black bear misses you.
The black bear claws you but does no damage.
Unknown command.
Unknown command.
Unknown command.
You completely miss the black bear. The black bear bites you.
* * * LOW HITPOINT WARNING * * *
The black bear misses you.
The black bear claws you but does no damage.
You hit the black bear.
The black bear is lightly wounded.
The black bear barely misses you.
The black bear claws you but does no damage.
The black bear claws you.
You die...

.............##..##
.............##...#
.............#....#
.................<#
..................#
.............##...#
............###o{.#
............# ##h##
...........#####@####
..........# #......#
...####### #......#
'### #......# #..#
######......#
#..######...........#
+..+........##......#
#..#.........#......#
#..#................#


You could see a black bear and an orc priest.

Vanquished Creatures
  A bombardier beetle (D:3)
  An orc priest (D:3)
  2 iguanas
  3 adders
  A dart slug (D:3)
  3 orcs (D:3)
  8 ball pythons
  6 endoplasms
  3 giant cockroaches
  4 goblins
  8 hobgoblins
  6 kobolds
  3 quokkas
  4 bats
  3 frilled lizards
  A rat (D:3)
57 creatures vanquished.

Vanquished Creatures (collateral kills)
  A ball python (D:4)
  A goblin (D:1)
2 creatures vanquished.

Vanquished Creatures (others)
  An orc wizard (D:4)
1 creature vanquished.

Grand Total: 60 creatures vanquished

Notes
Turn   | Place    | Note
-------+----------+-------------------------------------------
     0 | D:1      | PaiMei the Demonspawn Necromancer began the quest for the
                  | Orb.
     0 | D:1      | Reached XP level 1. HP: 13/13 MP: 3/3
   254 | D:1      | Gained mutation: You sometimes gain a little power by
                  | taking damage. [demonic ancestry]
   254 | D:1      | Reached XP level 2. HP: 19/19 MP: 0/5
   779 | D:1      | Found a faded altar of an unknown god.
  1463 | D:2      | Found a sacrificial altar of Ru.
  1512 | D:2      | Gained mutation: You have large cloven feet. [demonic
                  | ancestry]
  1512 | D:2      | Reached XP level 3. HP: 24/24 MP: 3/6
  2517 | D:2      | Learned a level 3 spell: Vampiric Draining
  2630 | D:3      | Gained mutation: You are partially covered in yellow
                  | scales. (AC +2) [demonic ancestry]
  2630 | D:3      | Reached XP level 4. HP: 23/31 MP: 1/8
  2878 | D:3      | Found a sparkling altar of Nemelex Xobeh.
  2879 | D:3      | Found a blossoming altar of Fedhas.
  3384 | D:3      | Noticed Grinder
  3386 | D:3      | Paralysed by Grinder for 4 turns
  3393 | D:3      | Paralysed by Grinder for 5 turns
  3413 | D:3      | Paralysed by Grinder for 4 turns
  3536 | D:3      | Found a faded altar of an unknown god.
  3541 | D:3      | Found an opulent altar of Gozag.
  3685 | D:3      | Reached skill level 1 in Fighting
  3685 | D:3      | Reached skill level 5 in Necromancy
  4027 | D:3      | Gained mutation: You are mostly covered in yellow scales.
                  | (AC +3) [demonic ancestry]
  4027 | D:3      | Reached XP level 5. HP: 20/37 MP: 5/9
  4181 | D:4      | Found a shimmering blue altar of Sif Muna.
  4512 | D:4      | Noticed a black bear
  4571 | D:4      | Found a bloodstained altar of Trog.
  4571 | D:4      | Noticed a black bear
  4780 | D:4      | HP: 1/38 [black bear (2)]
  4781 | D:4      | Slain by a black bear

Illustrated notes

Levels and vault maps discovered:
D:1:      nicolae_arrival_memento_mori, layout_loops_cross,
          hellmonk_ecumenical_altar_heavens_door
D:2:      layout_basic, basic_altar, minmay_stone_trees_small,
          minmay_liquid_box, minmay_misc_feat_four_crosses
D:3:      layout_loops_corners, nicolae_overflow_ecumenical_swirl,
          gammafunk_temple_overflow_statue, minmay_diced_spiral, uniq_grinder
D:4:      layout_rooms, trog_ov_bears_minmay, mainiacjoe_overflow_24_doors

Skill      XL: |  1  2  3  4  5 |
---------------+----------------+-----
Dodging        | 2 3 |  3.1
Stealth        | 2 |  2.3
Fighting       | 1 |  1.9
Necromancy     | 5 |  5.3
Spellcasting   | 3 |  3.2

Action                     |  1- 3 |  4- 6 || total
---------------------------+-------+-------++-------
  Melee: Unarmed           |     4 |       ||     4
         Dagger            |    13 |     4 ||    17
         Kick              |       |     1 ||     1
         Flail             |       |    14 ||    14
   Cast: Necrotise         |    71 |    77 ||   148
         Vampiric Draining |       |     2 ||     2
 Armour: Robe              |    22 |    68 ||    90
  Dodge: Dodged            |    19 |    39 ||    58
